 Dungeon Crawl Stone Soup version 0.31-a0-344-gd109795599 (webtiles) character file.

Game seed: 16110026263271392717

1764 Pooter the Cleaver (level 9, -1/78 HPs)
             Began as a Hill Orc Monk on July 21, 2023.
             Was a Believer of Beogh.
             Slain by a black bear (5 damage)
             ... on level 6 of the Dungeon on July 22, 2023.
             The game lasted 00:27:35 (4176 turns).

Pooter the Cleaver (Hill Orc Monk)                  Turns: 4176, Time: 00:27:36

Health: -1/78      AC:  8    Str: 18    XL:     9   Next: 7%
Magic:  13/13      EV: 11    Int: 10    God:    Beogh [**....]
Gold:   236        SH:  0    Dex: 13    Spells: 8/8 levels left

rFire   . . .        a - +0 trident
rCold   . . .        d - orb {light}
rNeg    . . .        A - +0 scale mail
rPois   +            w - +1 hat
rElec   .            (no cloak)
rCorr   .            (no gloves)
SInv    .            B - +0 pair of boots
Will    +....        m - amulet of regeneration Stlth
                     i - ring of willpower
HPRegen 1.13/turn    P - ring of poison resistance
MPRegen 0.13/turn

%: no passive effects
@: glowing
A: no striking features
a: Renounce Religion, Smiting


You were on level 6 of the Dungeon.
You worshipped Beogh.
Beogh was pleased with you.
You visited 1 branch of the dungeon, and saw 6 of its levels.

You collected 236 gold pieces.

Inventory:

Hand Weapons
 a - a +0 trident (weapon)
   (You found it on level 4 of the Dungeon)
 b - a +0 sling
   (You found it on level 1 of the Dungeon)
 u - a +2 short sword of venom
   (You took it off an orc on level 3 of the Dungeon)
 C - a +0 hand axe
 D - a +0 heavy flail
   (You took it off Edmund on level 5 of the Dungeon)
Missiles
 v - 4 poisoned darts (quivered)
 Q - 60 stones
Armour
 d - an orb of light (worn)
 j - a +0 robe
 w - a +1 hat (worn)
   (You found it on level 4 of the Dungeon)
 A - a +0 scale mail (worn)
   (You found it on level 4 of the Dungeon)
 B - a +0 pair of boots (worn)
   (You found it on level 5 of the Dungeon)
Jewellery
 i - a ring of willpower (left hand)
   (You found it on level 4 of the Dungeon)
 m - an amulet of regeneration (around neck)
   (You found it on level 2 of the Dungeon)
 P - a ring of poison resistance (right hand)
   (You found it on level 5 of the Dungeon)
Wands
 f - a wand of flame (18)
   (You found it on level 5 of the Dungeon)
 g - a wand of roots (4)
   (You found it on level 5 of the Dungeon)
Scrolls
 e - a scroll of fear
 n - a scroll of revelation
 o - a scroll of fog {unknown}
 p - a scroll of enchant weapon {unknown}
 s - a scroll of amnesia
 t - 4 scrolls of teleportation {@r4}
 x - a scroll of enchant armour {unknown}
 y - a scroll of noise {unknown}
Potions
 c - a potion of ambrosia
 h - 2 potions of degeneration {unknown}
 k - 3 potions of brilliance {unknown}
 l - 3 potions of enlightenment
 q - a potion of lignification {unknown}
 r - 3 potions of curing {unknown}
 z - 2 potions of haste {unknown}


   Skills:
 + Level 6.9 Fighting
 * Level 10.0 Axes
 + Level 4.1 Ranged Weapons
 - Level 4.0 Dodging
 * Level 5.3 Invocations


You had 8 spell levels left.
You didn't know any spells.
Your spell library contained the following spells:

 Spells                   Type           Power      Damage    Failure   Level
 Sting                    Tmut/Pois      0%         1d3       78%         1
 Poisonous Vapours        Pois/Air       0%         N/A       89%         2
 Olgreb's Toxic Radiance  Pois           0%         N/A       100%        4


Dungeon Overview and Level Annotations

Branches:
Dungeon (6/15) Zot: 26461  Temple (0/1) D:5

Altars:
Fedhas
The Shining One


Message History

The water moccasin bites you but does no damage.
You puncture the black bear!
The black bear bites you but does no damage.
The black bear claws you but does no damage. x2
The water moccasin barely misses you.
You puncture the black bear! The water moccasin barely misses you.
The black bear goes berserk!
The water moccasin bites you but does no damage.
You completely miss the black bear.
The black bear bites you but does no damage.
The black bear claws you. x2; The water moccasin bites you.
The black bear bites you. The black bear claws you.
The black bear claws you but does no damage.
You hit the black bear but do no damage.
The water moccasin bites you! The black bear bites you.
The black bear claws you. The black bear barely misses you.
The water moccasin bites you. The black bear bites you.
* * * LOW HITPOINT WARNING * * *
The black bear claws you but does no damage.
The black bear barely misses you.
You barely miss the black bear. The water moccasin bites you.
* * * LOW HITPOINT WARNING * * *
The black bear bites you!
* * * LOW HITPOINT WARNING * * *
The black bear claws you.
* * * LOW HITPOINT WARNING * * *
The black bear claws you.
* * * LOW HITPOINT WARNING * * *
You barely miss the black bear. The water moccasin bites you.
* * * LOW HITPOINT WARNING * * *
The black bear bites you but does no damage.
The black bear claws you but does no damage.
The black bear closely misses you. The water moccasin bites you.
* * * LOW HITPOINT WARNING * * *
The black bear closely misses you. x3
Unknown command.
You hit the black bear but do no damage.
The black bear bites you!
* * * LOW HITPOINT WARNING * * *
The black bear closely misses you.
The black bear claws you but does no damage.
The water moccasin closely misses you.
You puncture the black bear! The black bear bites you.
* * * LOW HITPOINT WARNING * * *
The black bear claws you but does no damage. x2
The water moccasin bites you.
* * * LOW HITPOINT WARNING * * *
The black bear closely misses you. The black bear barely misses you.
The black bear claws you.
You die...

..... .. .....######.##
##.....#.....# ............#
#.#.........# #.##>###...## ..
#.......)#..# # ...
##.).#Sh.....# ..#.. ...#
###.....@..#)[.###''###..
....##.†........##..<.........
................##............
.####...)...######............
#.........# #............
.####....>...## #.........#
..........##.# #....<....#
........#..#.# #..........#
........##.[.# ##########.#


You could see a water moccasin and a black bear (berserk).

Vanquished Creatures
  Prince Ribbit (D:5)
  Sigmund (D:6)
  Edmund (D:5)
  A water moccasin (D:6)
  2 black bears
  2 ogres (D:5)
  3 phantoms
  A scorpion (D:5)
  A howler monkey (D:6)
  3 hounds
  A jelly (D:5)
  An orc priest (D:6)
  4 iguanas
  3 orc wizards
  10 adders
  4 worms
  3 dart slugs
  23 orcs
  3 bats
  4 endoplasms
  4 giant cockroaches
  6 goblins
  5 hobgoblins
  2 jackals (D:1)
  3 quokkas
  7 ball pythons
  5 frilled lizards
  4 kobolds
  3 rats
111 creatures vanquished.

Notes
Turn   | Place    | Note
-------+----------+-------------------------------------------
     0 | D:1      | Pooter the Hill Orc Monk began the quest for the Orb.
     0 | D:1      | Reached XP level 1. HP: 19/19 MP: 1/1
   182 | D:1      | Reached XP level 2. HP: 22/27 MP: 2/2
   608 | D:2      | Reached XP level 3. HP: 22/33 MP: 3/3
   718 | D:2      | Reached skill level 5 in Axes
   718 | D:2      | Reached XP level 4. HP: 17/40 MP: 4/4
   920 | D:2      | Reached skill level 1 in Ranged Weapons
  1533 | D:3      | Reached XP level 5. HP: 31/47 MP: 5/5
  1968 | D:4      | Reached skill level 6 in Axes
  2027 | D:4      | Reached XP level 6. HP: 54/55 MP: 6/6
  2050 | D:4      | Noticed a black bear
  2071 | D:4      | Killed a black bear
  2072 | D:4      | Reached skill level 5 in Fighting
  2525 | D:4      | Reached skill level 7 in Axes
  2576 | D:5      | Entered Level 5 of the Dungeon
  2588 | D:5      | Reached XP level 7. HP: 49/61 MP: 7/7
  2742 | D:5      | Found a blossoming altar of Fedhas.
  3096 | D:5      | Reached skill level 8 in Axes
  3291 | D:5      | Found a glowing golden altar of the Shining One.
  3400 | D:5      | Found a staircase to the Ecumenical Temple.
  3401 | D:5      | Became a worshipper of Beogh the Brigand
  3401 | D:5      | Reached * piety under Beogh
  3401 | D:5      | Reached ** piety under Beogh
  3475 | D:5      | Reached skill level 1 in Invocations
  3475 | D:5      | Reached XP level 8. HP: 59/70 MP: 7/9
  3651 | D:6      | Noticed Prince Ribbit
  3665 | D:5      | HP: 2/70 [Prince Ribbit (9)]
  3666 | D:5      | Killed Prince Ribbit
  3738 | D:5      | Reached skill level 9 in Axes
  3837 | D:6      | Noticed Sigmund
  3998 | D:6      | Noticed Edmund
  4019 | D:5      | Killed Edmund
  4052 | D:6      | Killed Sigmund
  4107 | D:6      | Reached skill level 5 in Invocations
  4107 | D:6      | Reached XP level 9. HP: 68/78 MP: 12/12
  4128 | D:6      | Reached skill level 10 in Axes
  4176 | D:6      | Slain by a black bear

Illustrated notes

Levels and vault maps discovered:
D:1:      lemuel_arrival_muddy, layout_rooms, patterned_corridor
D:2:      layout_rooms
D:3:      layout_basic
D:4:      layout_loops_cross
D:5:      layout_loops_ring, tso_metal_star, fedhas_altar_3,
          minmay_temple_entry_fiery, kennysheep_generic_room_15
D:6:      lemuel_ice_spiral_2, layout_rooms, kennysheep_generic_room_12,
          uniq_edmund, uniq_prince_ribbit1, uniq_sigmund

Skill      XL: |  1  2  3  4  5  6  7  8  9 |
---------------+----------------------------+-----
Fighting       | 4 5 6 |  6.9
Axes           | 5 6 7 8 9 10 | 10.0
Ranged Weapons | 1 2 3 4 |  4.1
Dodging        | 3 4 |  4.0
Invocations    | 1 5 |  5.3

Action                     |  1- 3 |  4- 6 |  7- 9 || total
---------------------------+-------+-------+-------++-------
  Melee: Hand axe          |    54 |    96 |       ||   150
         Short sword       |       |    41 |       ||    41
         Trident           |       |    39 |   167 ||   206
   Fire: Sling             |    15 |    42 |    24 ||    81
  Throw: Stone             |       |     1 |       ||     1
         Dart              |       |       |    16 ||    16
 Invoke: Convert to Beogh  |       |       |     1 ||     1
         Smiting           |       |       |     3 ||     3
  Evoke: Wand              |       |       |     2 ||     2
    Use: Scroll            |       |     3 |     2 ||     5
 Armour: Ring mail         |    24 |    55 |       ||    79
         Scale mail        |       |     7 |    66 ||    73
  Dodge: Dodged            |    31 |   120 |    85 ||   236

Table legend: (Time is in decaauts)
 A = Elapsed time spent in this place.
 B = Non-inter-level travel time spent in this place.
 C = Inter-level travel time spent in this place.
 D = Time resting spent in this place.
 E = Time spent auto-exploring this place.
 F = Levels seen in this place.
 G = Mean time per level.
                   A        B        C        D        E       F      G
               +--------+--------+--------+--------+--------+-----+--------+
         Total |   4214 |   4051 |    163 |    679 |   2239 |   6 |  702.3 |
       Dungeon |   4214 |   4051 |    163 |    679 |   2239 |   6 |  702.3 |
               +--------+--------+--------+--------+--------+-----+--------+

Top non-repeatable levels by time:
     D:5: 1360 daAuts
     D:3: 791 daAuts
     D:4: 750 daAuts
     D:1: 591 daAuts
     D:2: 464 daAuts
     D:6: 255 daAuts
